 Dungeon Crawl Stone Soup version 0.32-a0-900-g30fb1b0edc (webtiles) character file.

Game seed: 13144099336433909393

1550 Turgor the Cleaver (level 8, -7/57 (63) HPs)
             Began as a Mountain Dwarf Fighter on Apr 4, 2024.
             Was an Initiate of Okawaru.
             Mangled by a wight
             ... wielding a +6 flail
              (13 damage)
             ... on level 5 of the Dungeon on Apr 5, 2024.
             The game lasted 00:17:32 (4768 turns).

Turgor the Cleaver (Mountain Dwarf Fighter)         Turns: 4768, Time: 00:17:33

HP:   -7/57 (63)    AC: 10    Str: 21    XL:     8   Next: 57%
MP:   8/8           EV:  8    Int: 11    God:    Okawaru [......]
Gold: 250           SH:  5    Dex: 15    Spells: 4/7 levels left

rFire   . . .        a - +1 war axe (chaos)
rCold   . . .        c - +0 buckler
rNeg    . . .        b - +1 scale mail
rPois   .            n - +0 helmet
rElec   .            A - +0 cloak
rCorr   .            (no gloves)
SInv    .            (no boots)
Will    .....        C - amulet of Sogad {RegenMP+ Str+2} Stlth
                     l - +6 ring of dexterity
HPRegen 0.29/turn    u - ring of wizardry
MPRegen 0.51/turn

%: wizardry (x1)
@: drained
A: runic magic, artefact enchanting
a: Renounce Religion


You were on level 5 of the Dungeon.
You worshipped Okawaru.
Okawaru was noncommittal.
You visited 2 branches of the dungeon, and saw 7 of its levels.

You collected 250 gold pieces.

Inventory:

Hand Weapons
 a - a +1 war axe of chaos (weapon)
 j - a +1 hand axe of venom
 s - a +5 dire flail of protection
Missiles
 D - 9 poisoned darts (quivered)
 F - a throwing net
Armour
 b - a +1 scale mail (worn)
 c - a +0 buckler (worn)
 n - a +0 helmet (worn)
 p - the +1 leather armour of Privacy {^Drain rF++ Will++}
   (You found it on level 3 of the Dungeon)

   rF++:      It greatly protects you from fire.
   Will++:    It greatly increases your willpower.
   ^Drain:    It drains your maximum health when unequipped.
 A - a +0 cloak (worn)
Magical Staves
 q - a staff of fire
Jewellery
 h - a ring of magical power
 i - an amulet of guardian spirit
 l - a +6 ring of dexterity (left hand)
 u - a ring of wizardry (right hand)
 B - a ring of wizardry
 C - the amulet of Sogad (around neck) {RegenMP+ Str+2}
   (You found it on level 5 of the Dungeon)

   [amulet of magic regeneration]

   It increases your rate of magic regeneration.
   Str+2:     It affects your strength (+2).
   RegenMP+:  It increases your rate of magic regeneration.
 E - a +6 ring of dexterity
Wands
 x - a wand of warping (14)
Scrolls
 f - 2 scrolls of teleportation
 r - a scroll of revelation
 t - a scroll of vulnerability
 v - a scroll of noise {unknown}
 w - a scroll of fear {unknown}
 y - a scroll of acquirement {unknown}
Potions
 d - a potion of might
 e - a potion of attraction
 g - a potion of haste
 k - a potion of heal wounds
 m - 2 potions of curing
 o - a potion of mutation
 z - 2 potions of brilliance {unknown}


   Skills:
 - Level 3.2 Fighting
 + Level 13.0 Axes
 - Level 3.2 Armour
 - Level 3.2 Shields


You had 4 spell levels left.
You knew the following spells:

 Your Spells              Type           Power      Damage    Failure   Level
a - Stone Arrow           Conj/Erth      0%         3d7       52%         3

Your spell library contained the following spells:

 Spells                   Type           Power      Damage    Failure   Level
 Dimensional Bullseye     Hex/Tloc       0%         N/A       89%         4
 Iskenderun's Mystic Bla Conj/Tloc 0%             2d3        (+2d1     89%         4
 Lehudib's Crystal Spear  Conj/Erth      0%         10d2      100%        8
 Tukima's Dance           Hex            Unusable   N/A       N/A         3
 Animate Armour           Summ/Erth      Unusable   N/A       N/A         4

Dungeon Overview and Level Annotations

Branches:
Dungeon (6/15)             Temple (1/1) D:6

Altars:
Cheibriados
Dithmenos
Gozag
Kikubaaqudgha
Makhleb
Okawaru
Qazlal
Ru
Sif Muna
Trog
Vehumet
Wu Jian
Xom


Innate Abilities, Weirdness & Mutations

Your spellcasting is much less encumbered by armour.
You can use scrolls of enchantment on lesser artefacts.


Message History

The kobold brigand hits you but does no damage.
You slash the kobold brigand! You freeze the kobold brigand.
You kill the kobold brigand!
Okawaru accepts your kill. The centaur hits you.
You block the centaur's attack.
There is a large open door, spattered with blood here.
Things that are here:
a +0 dagger; a +0 robe You slash the centaur!
The centaur seems to speed up.
The centaur is almost dead.
You strike the helpless centaur from behind!
You hit the centaur. You burn the centaur.
You kill the centaur!
Okawaru accepts your kill.
Your Axes skill increases to level 13!
You close the large door, pushing everything out of the way.
You start resting.
A wight comes into view. It is wielding a +3 great sword.
A wight comes into view. It is wielding a +6 flail.
A wight comes into view. It is wielding a +0 hand axe.
The wight attacks as it pursues you! The wight hits you with a +6 flail!
You feel drained. The wight attacks as it pursues you!
The wight hits you with a +6 flail!
You feel drained. The wight attacks as it pursues you!
The wight closely misses you.
There is a stone staircase leading up here.
The wight closely misses you.
You climb upwards.
There is a stone staircase leading down here.
You hit the wight but do no damage. You slash the wight!
The wight seems to grow stronger.
The wight is severely damaged.
The wight hits you with a +6 flail!
* * * LOW HITPOINT WARNING * * *
You feel drained.
* * * LOW HITPOINT WARNING * * *
You closely miss the wight.
The wight is severely damaged.
The wight hits you with a +6 flail!
You die...

##..####.....# #.#
#.......##### #.#
#####...### #.# #.#.#.#
########.#
#####.#...###........#
#.....#<#.##..########
#.###.....##.#############
#.#####...z...........<..#
#..........@.###########.#
########.###############.#
#................##.#
#.##.##########.###.#
#.##.# #.# #.# #.##.#
#.###.# #....# #...[.#
###### #######


You could see a wight (strong).

Vanquished Creatures
  Prince Ribbit (D:6)
  Edmund (D:4)
  Duvessa (D:4)
  A black bear (D:5)
  A centaur (D:6)
  A kobold brigand (D:6)
  A scorpion (D:5)
  Dowan (D:4)
  2 hounds (D:5)
  A bombardier beetle (D:3)
  7 orc priests
  An iguana (D:6)
  10 orc wizards
  A statue (D:5)
  8 gnolls
  4 adders
  A dart slug (D:1)
  A ribbon worm (D:2)
  13 orcs
  4 ball pythons
  5 bats
  4 endoplasms
  A giant cockroach (D:4)
  10 goblins
  10 hobgoblins
  7 jackals
  3 quokkas
  2 frilled lizards
  11 kobolds
  8 rats
122 creatures vanquished.

Notes
Turn   | Place    | Note
-------+----------+-------------------------------------------
     0 | D:1      | Turgor the Mountain Dwarf Fighter began the quest for the
                  | Orb.
     0 | D:1      | Reached XP level 1. HP: 19/19 MP: 1/1
    51 | D:1      | Reached skill level 3 in Axes
    55 | D:1      | Reached XP level 2. HP: 26/26 MP: 2/2
   297 | D:1      | Reached skill level 4 in Axes
   633 | D:2      | Reached XP level 3. HP: 31/31 MP: 3/3
  1113 | D:2      | Reached skill level 5 in Axes
  1358 | D:3      | Found a stormy altar of Qazlal.
  1431 | D:3      | Reached XP level 4. HP: 15/38 MP: 4/4
  1431 | D:3      | Upgraded the game from 0.32-a0-898-g7811c86cf0 to
                  | 0.32-a0-900-g30fb1b0edc
  1525 | D:3      | Reached skill level 6 in Axes
  1542 | D:3      | Reached XP level 5. HP: 45/45 MP: 5/5
  2117 | D:3      | Identified the +1 leather armour of Privacy {^Drain rF++
                  | Will++}
  2149 | D:3      | Reached skill level 7 in Axes
  2765 | D:4      | Noticed Dowan
  2766 | D:4      | Noticed Duvessa
  2767 | D:4      | Reached XP level 6. HP: 28/51 MP: 6/6
  2859 | D:4      | Killed Dowan
  2860 | D:4      | Reached skill level 8 in Axes
  2952 | D:4      | Killed Duvessa
  2953 | D:4      | Reached skill level 9 in Axes
  3054 | D:4      | Noticed Edmund
  3064 | D:4      | Killed Edmund
  3065 | D:4      | Reached XP level 7. HP: 29/57 MP: 7/7
  3380 | D:4      | Learned a level 3 spell: Stone Arrow
  3736 | D:5      | Entered Level 5 of the Dungeon
  3749 | D:5      | Reached skill level 10 in Axes
  3838 | D:5      | Identified the amulet of Sogad {RegenMP+ Str+2}
  4079 | D:5      | Found a radiant altar of Vehumet.
  4132 | D:5      | Reached skill level 11 in Axes
  4304 | D:5      | Reached XP level 8. HP: 63/63 MP: 8/8
  4556 | D:6      | Found a staircase to the Ecumenical Temple.
  4567 | Temple   | Entered the Ecumenical Temple
  4574 | Temple   | Became a worshipper of Warmaster Okawaru
  4585 | D:6      | Noticed Prince Ribbit
  4610 | D:6      | Killed Prince Ribbit
  4611 | D:6      | Reached skill level 12 in Axes
  4694 | D:6      | Reached skill level 13 in Axes
  4768 | D:5      | Mangled by a wight

Illustrated notes

Levels and vault maps discovered:
D:1:      ncdulo_watergridlock, layout_basic, chequers_serial_rivers_marsh
D:2:      layout_basic
D:3:      corexii_shack_village, layout_basic, lemuel_crystal_altar,
          corexii_shack, grunt_decor_one_mirror
D:4:      layout_loops_ring, nicolae_twisty_statue_hallways, uniq_duvessa,
          uniq_edmund
D:5:      layout_basic, vehumet_statue, hangedman_glass_teeth
D:6:      layout_basic, nicolae_uskayaw_en_pointe, grunt_temple_overflow_open,
          minmay_temple_entry_large_hall, kennysheep_generic_room_4,
          uniq_prince_ribbit1, uniq_grinder
Temple:   nicolae_temple_ecumenical_triangle

Skill      XL: |  1  2  3  4  5  6  7  8 |
---------------+-------------------------+-----
Axes           | 3 4 5 6 7 9 11 13 | 13.0
Fighting       | |  3.2
Armour         | |  3.2
Shields        | |  3.2

Action                     |  1- 3 |  4- 6 |  7- 9 || total
---------------------------+-------+-------+-------++-------
  Melee: War axe           |   118 |    87 |   134 ||   339
  Throw: Stone             |     7 |       |       ||     7
         Dart              |       |       |     8 ||     8
    Use: Scroll            |     9 |       |     3 ||    12
         Potion            |       |     1 |     2 ||     3
   Stab: Paralysed         |       |     1 |       ||     1
         Confused          |       |     1 |     2 ||     3
 Armour: Scale mail        |    87 |    54 |    89 ||   230
  Dodge: Dodged            |    45 |    33 |    37 ||   115
  Block: Buckler           |    33 |    21 |    26 ||    80

Table legend: (Time is in decaauts)
 A = Elapsed time spent in this place.
 B = Non-inter-level travel time spent in this place.
 C = Inter-level travel time spent in this place.
 D = Time resting spent in this place.
 E = Time spent auto-exploring this place.
 F = Levels seen in this place.
 G = Mean time per level.
                   A        B        C        D        E       F      G
               +--------+--------+--------+--------+--------+-----+--------+
         Total |   4841 |   4409 |    432 |    199 |   3178 |   7 |  691.6 |
       Dungeon |   4828 |   4400 |    428 |    199 |   3178 |   6 |  804.7 |
        Temple |     12 |      8 |      4 |      0 |      0 |   1 |   12.0 |
               +--------+--------+--------+--------+--------+-----+--------+

Top non-repeatable levels by time:
     D:3: 1284 daAuts
     D:4: 955 daAuts
     D:2: 861 daAuts
     D:5: 822 daAuts
     D:1: 709 daAuts
     D:6: 194 daAuts
  Temple: 12 daAuts
